 Dungeon Crawl Stone Soup version 0.24.0-41-g2ae2f7f1be (webtiles) character file.

Game seed: 5416185587360418955, levelgen mode: deterministic

367107 Mesmaeker13 the Brawler (level 21, -5/340 HPs)
             Began as a Troll Monk on Dec 12, 2019.
             Was the Champion of Wu Jian.
             Killed by the air
             ... invoked by a spriggan air mage
             ... led by the Enchantress
              (9 damage)
             ... on level 1 of the Depths.
             The game lasted 02:24:03 (51445 turns).

Mesmaeker13 the Brawler (Troll Monk)               Turns: 51445, Time: 02:24:04

Health: -5/340     AC: 28    Str: 35    XL:     21   Next: 61%
Magic:  28/28      EV:  0    Int:  7    God:    Wu Jian [******]
Gold:   4004       SH:  9    Dex: 18    Spells: 20/20 levels left

rFire    + + .     SeeInvis +     - Unarmed
rCold    . . .     Gourm    +   m - +0 shield {reflect}
rNeg     . . .     Faith    .   v - +7 gold dragon scales
rPois    +         Spirit   .   N - +2 hat {SInv}
rElec    +         Reflect  +   a - +1 cloak {MR+}
rCorr    .         Harm     .   (gloves unavailable)
MR       ++...                  (boots unavailable)
Stlth    ..........             i - amulet of rage
HPRegen  1.06/turn              n - ring "Hahadwisch" {Fire rElec Str+4 Dex-2}
MPRegen  0.21/turn              H - ring of Qaghogreust {rPois Dex+3}

@: berserking (expiring), extremely drained, very quick
A: large, unfitting armour, claws 3, fast metabolism 3, gourmand, regeneration
1, shaggy fur 1, tough skin 3
}: 2/15 runes: decaying, serpentine
a: Wall Jump, Serpent's Lash, Heavenly Storm, Renounce Religion, Evoke Berserk
Rage


You were on level 1 of the Depths.
You worshipped Wu Jian.
Wu Jian was exalted by your worship.
You were very full.

You visited 7 branches of the dungeon, and saw 36 of its levels.
You visited the Abyss 1 time.
You also visited: Bailey.

You collected 4457 gold pieces.
You spent 453 gold pieces at shops.

Inventory:

Hand Weapons
 l - the +6 broad axe "Qiklah" {chop, Str+7 Dex-3}
   (You found it on level 1 of the Vaults)

   It inflicts extra damage upon your enemies.
   It affects your strength (+7).
   It affects your dexterity (-3).
 X - a +2 giant spiked club
Missiles
 y - 7 throwing nets
 S - 86 large rocks (quivered)
Armour
 a - a +1 cloak of magic resistance (worn)
 m - a +0 shield of reflection (worn)
 v - +7 gold dragon scales (worn)
 A - +0 acid dragon scales
 E - a +2 large shield
 N - a +2 hat of see invisible (worn)
Jewellery
 i - an amulet of rage (around neck)
 n - the ring "Hahadwisch" (left claw) {Fire rElec Str+4 Dex-2}
   (You found it on level 6 of the Dungeon)

   [ring of fire]

   It enhances your fire magic.
   It affects your strength (+4).
   It affects your dexterity (-2).
   It protects you from fire.
   It makes you vulnerable to cold.
   It insulates you from electricity.
 H - the ring of Qaghogreust (right claw) {rPois Dex+3}
   (You found it on level 2 of the Vaults)

   [ring of poison resistance]

   It affects your dexterity (+3).
   It protects you from poison.
 J - an uncursed amulet of the acrobat
 U - an uncursed ring of ice
Wands
 k - a wand of acid (13)
 x - a wand of paralysis (7)
 I - a wand of clouds (3)
 L - a wand of iceblast (5)
 V - a wand of digging (3)
Scrolls
 f - 6 scrolls of remove curse
 j - a scroll of summoning
 o - a scroll of fog
 q - a scroll of vulnerability
 w - 12 scrolls of teleportation
 C - 3 scrolls of magic mapping
 F - 5 scrolls of blinking
Potions
 d - 10 potions of haste
 e - a potion of might {unknown}
 g - 2 potions of curing
 r - a potion of heal wounds
 s - 2 potions of flight
 u - 5 potions of agility
 G - 4 potions of cancellation
Miscellaneous
 h - a lightning rod (4/4)
 K - a phial of floods (inert)
Comestibles
 b - 57 rations


   Skills:
 - Level 17.6(5.6) Fighting
 - Level 5.5(0.0) Maces & Flails
 + Level 2.3(0.0) Throwing
 - Level 12.4(1.7) Armour
 - Level 10.2(0.1) Dodging
 - Level 1.0(0.0) Stealth
 + Level 10.0(0.0) Shields
 + Level 20.3(7.7) Unarmed Combat
 - Level 11.1(0.8) Evocations


You had 20 spell levels left.
You didn't know any spells.
Your spell library contained the following spells:

 Spells                   Type           Power        Failure   Level  Hunger
 Corona                   Hex            #......      100%        1    ##.....
 Flame Tongue             Conj/Fire      #....        100%        1    ##.....
 Magic Dart               Conj           #...         100%        1    ##.....
 Summon Small Mammal      Summ           #...         100%        1    ##.....
 Blink                    Tloc           N/A          100%        2    ###....
 Call Imp                 Summ           #.......     100%        2    ###....
 Ensorcelled Hibernation  Hex/Ice        #.....       100%        2    ###....
 Slow                     Hex            #.......     100%        2    ###....
 Throw Flame              Conj/Fire      #.....       100%        2    ###....
 Call Canine Familiar     Summ           #.......     100%        3    ####...
 Confuse                  Hex            #.......     100%        3    ####...
 Conjure Flame            Conj/Fire      #.......     100%        3    ####...
 Dazzling Spray           Conj/Hex       #.....       100%        3    ####...
 Inner Flame              Hex/Fire       #.......     100%        3    ####...
 Mephitic Cloud           Conj/Pois/Air  #.......     100%        3    ####...
 Recall                   Summ/Tloc      N/A          100%        3    ####...
 Static Discharge         Conj/Air       #.......     100%        3    ####...
 Summon Guardian Golem    Hex/Summ       #.......     100%        3    ####...
 Tukima's Dance           Hex            #.......     100%        3    ####...
 Animate Dead             Necr           N/A          100%        4    #####..
 Sticky Flame             Conj/Fire      #.......     100%        4    #####..
 Summon Ice Beast         Ice/Summ       #.......     100%        4    #####..
 Summon Lightning Spire   Summ/Air       #.......     100%        4    #####..
 Bolt of Magma            Conj/Fire/Erth #.........   100%        5    ######.
 Borgnjor's Vile Clutch   Necr/Erth      #.........   100%        5    ######.
 Fireball                 Conj/Fire      #.........   100%        5    ######.
 Iskenderun's Battlesphe  Conj/Chrm      #.......     100%        5    ######.
 Lightning Bolt           Conj/Air       #.........   100%        5    ######.
 Venom Bolt               Conj/Pois      #.........   100%        5    ######.
 Death Channel            Necr           #.........   100%        6    #######
 Iron Shot                Conj/Erth      #.........   100%        6    #######
 Simulacrum               Ice/Necr       #.........   100%        6    #######
 Orb of Destruction       Conj           #.........   100%        7    #######
 Spellforged Servitor     Conj/Summ      #.........   100%        7    #######
 Ignition                 Fire           #.........   100%        8    #######
 Shatter                  Erth           #.........   100%        9    #######
 Tornado                  Air            #.........   100%        9    #######


Dungeon Overview and Level Annotations

Branches:
Dungeon (15/15)              Lair (6/6) D:11          Swamp (4/4) Lair:2
  Snake (4/4) Lair:2        Slime (0/5) Lair:6          Orc (2/2) D:9
    Elf (0/3) Orc:2        Vaults (4/5) D:14          Crypt (0/3) Vaults:2
 Depths (1/5) D:15         Bailey (visited)
 Temple: D:4-7

Altars:
Cheibriados
Dithmenos
Elyvilon
Fedhas
Hepliaklqana
Kikubaaqudgha
Makhleb
Nemelex Xobeh
Okawaru
Qazlal
Vehumet
Wu Jian
Xom
Beogh
Jiyva

Shops:
D:5 (   D:7 *   D:11 [   Orc:2 ?[((   Vaults:2 !   Vaults:4 %(

Portals:
Hell: Depths:1
Trove: Vaults:3 (show slimy rune of Zot)

Annotations:
D:5 1 runed translucent door, gargbit's ghost, novice GrHu
Orc:1 3 runed translucent doors, Iamsoldier's ghost, journeyman GrFi


Innate Abilities, Weirdness & Mutations

You are too large for most types of armour.
You have claws for hands.
Your metabolism is lightning-fast.
You like to eat raw meat.
Your natural rate of healing is unusually fast.
You are covered in fur. (AC +1)
You have extremely tough skin. (AC +3)


Message History

You feel drained.
* * * LOW HITPOINT WARNING * * *
Unknown command.
You are too berserk!
Unknown command.
You are too berserk!
Unknown command.
You barely miss the spriggan defender.
The spriggan defender is lightly wounded.
You block the spriggan defender's attack.
The spriggan defender hits you with a +2 demon whip of draining.
* * * LOW HITPOINT WARNING * * *
You feel drained.
* * * LOW HITPOINT WARNING * * *
The spriggan air mage waves its arms in wide circles.
The air twists around and strikes you.
* * * LOW HITPOINT WARNING * * *
The spriggan air mage waves its arms in wide circles.
The air twists around and strikes you!
You die...

...............#.#......##..###..
............ii.##.......##..# #..
.............i.###......##..# #..
............i..# #......##..# #..
...............# #......##..# #..
...............# #......##..# #..
...............# #(.....##..# ..
.............ii###......##..#
.............iii@i..........#
..............i###......##)[#
...............# #......##..#
################ ############


You could see 2 spriggan defenders, a spriggan berserker (berserk), 2 spriggan
air magi and 2 spriggans.

Vanquished Creatures
  Mara (Depths:1)
  Bai Suzhen (Vaults:3)
  A golden dragon (Vaults:3)
  the Enchantress (Depths:1)
  Nikola (D:15)
  2 liches
  Jorgrun (Orc:1)
  Frances (D:13)
  Gastronok (D:12)
  3 thorn hunters
  A tengu reaver (Vaults:1)
  A draconian monk (Abyss:3)
  Donald (Vaults:2)
  3 fire giants
  10 nagarajas
  8 vault wardens
  A deep elf sorcerer (Vaults:2)
  2 frost giants (Depths:1)
  An orc warlord (Orc:2)
  3 very ugly things (Vaults:4)
  A spriggan defender (Depths:1)
  9 stone giants
  13 ironheart preservers
  An entropy weaver (Vaults:4)
  An entropy weaver (shapeshifter) (Depths:1)
  3 deep elf demonologists (Vaults:1)
  4 ettins
  A deep elf death mage (Vaults:2)
  5 fire dragons
  3 rakshasas
  4 great orbs of eyes
  3 yaktaur captains
  Harold (D:10)
  Fannar (Lair:1)
  13 ogre magi
  5 ice dragons
  30 hydras
  10 naga warriors
  4 shambling mangroves
  13 anacondas
  6 centaur warriors
  A death knight (D:14)
  3 catoblepae (Lair:6)
  Erica (D:8)
  8 vault guards
  45 two-headed ogres
  10 death yaks
  3 deep troll earth magi
  10 alligators
  18 naga sharpshooters
  2 tengu warriors (Depths:1)
  3 hell hogs (Abyss:3)
  2 orc high priests
  3 hell knights (D:13)
  11 shock serpents
  Nergalle (D:11)
  4 deep elf knights
  3 large abominations
  A titan skeleton (Abyss:3)
  2 shadow wraiths
  2 wretched stars (Abyss:3)
  A sixfirhy (Abyss:3)
  A salamander mystic (Snake:4)
  A small abomination (Vaults:2)
  9 wizards
  3 spriggan druids
  12 deep trolls
  4 naga ritualists
  7 unseen horrors
  18 swamp dragons
  5 glowing orange brains
  6 skeletal warriors
  A phantasmal warrior (Vaults:2)
  A deep elf archer (Vaults:1)
  A flayed ghost (Vaults:2)
  14 ironbrand convokers
  9 orc knights
  5 necromancers
  46 ugly things
  An orb spider (shapeshifter) (D:14)
  8 mana vipers
  5 harpies (Vaults:2)
  9 salamanders
  2 wolf spiders (Vaults:3)
  8 orc sorcerers
  A lindwurm (shapeshifter) (Vaults:3)
  A cyclops (shapeshifter) (Vaults:2)
  12 cyclopes
  13 elephants
  4 manticores
  2 centaur zombies
  7 deep elf magi
  A frost giant skeleton (Depths:1)
  2 rust devils
  7 vault sentinels
  5 guardian serpents
  39 black mambas
  16 naga magi
  A torpor snail (Lair:6)
  A gargoyle (D:14)
  A guardian serpent (shapeshifter) (Abyss:3)
  A spiny frog (shapeshifter) (D:13)
  A black mamba (shapeshifter) (Vaults:1)
  21 spiny frogs
  An orange demon (D:13)
  3 kobold demonologists
  4 komodo dragons
  2 rime drakes
  A komodo dragon (shapeshifter) (Vaults:2)
  4 freezing wraiths
  34 yaktaurs
  A golden dragon simulacrum (Depths:1)
  2 trolls (shapeshifter) (Vaults:4)
  An ancient zyme (Abyss:3)
  A spriggan skeleton (Depths:1)
  4 tengu conjurers
  18 hornets
  A polar bear (Lair:6)
  A queen bee (shapeshifter) (Vaults:4)
  A queen bee (Lair:3)
  10 trolls
  9 tyrant leeches
  28 blink frogs
  27 slime creatures
  A raiju (shapeshifter) (Vaults:1)
  6 bog bodies
  A meliai zombie (D:14)
  13 dream sheep
  18 hippogriffs
  A deep troll skeleton (Depths:1)
  2 redbacks (Vaults:4)
  6 spriggans
  8 wraiths
  2 shadows (Swamp:1)
  5 wyverns
  A ynoxinul (Abyss:3)
  A yak (shapeshifter) (Vaults:2)
  31 yaks
  A human (shapeshifter) (Vaults:3)
  A golden eye (Lair:5)
  A hungry ghost (D:14)
  Grum (D:10)
  5 vampire mosquitoes
  6 basilisks
  A steam dragon (Lair:5)
  18 swamp worms
  58 nagas
  8 wargs
  Menkaure (D:4)
  13 insubstantial wisps
  A soldier ant (D:13)
  An acid dragon (Vaults:1)
  12 water moccasins
  16 swamp drakes
  10 porcupines
  6 hell hounds (D:13)
  A phantom (D:9)
  An eye of draining (D:11)
  4 black bears
  6 ice beasts
  5 sky beasts
  39 orc warriors
  16 wolves
  12 necrophages
  A boggart (Vaults:1)
  41 ogres
  16 centaurs
  7 big kobolds
  12 crocodiles
  14 bullfrogs
  8 gnoll sergeants (Bailey)
  2 wyvern skeletons (D:13)
  6 scorpions
  33 killer bees
  3 howler monkeys
  4 crimson imps
  A bullfrog zombie (D:5)
  A human simulacrum (Vaults:4)
  6 gnoll shamans (Bailey)
  2 centaur skeletons
  35 orc wizards
  29 orc priests
  4 bullfrog skeletons
  7 hounds
  4 iguanas
  Natasha (thrice) (D:4)
  5 worker ants
  A hound skeleton (D:11)
  Robin (D:2)
  A worker ant zombie (D:10)
  19 adders
  17 gnolls
  A howler monkey skeleton (D:8)
  2 shadow imps
  3 oozes
  2 adder skeletons
  4 worms
  2 dart slugs
  8 leopard geckos
  131 orcs
  4 ball pythons
  12 bats
  9 giant cockroaches
  13 hobgoblins
  7 jackals
  2 quokkas
  12 frilled lizards
  20 goblins
  A jackal zombie (D:5)
  15 kobolds
  A leopard gecko zombie (D:5)
  8 rats
  A briar patch (Swamp:3)
1655 creatures vanquished.

Vanquished Creatures (collateral kills)
  A vault warden (Vaults:4)
  Snorg (D:10)
  Sonja (Orc:1)
  A hell knight (D:13)
  2 deep elf archers (Vaults:1)
  A rust devil (D:13)
  A hell hound (D:13)
8 creatures vanquished.

Vanquished Creatures (others)
  A hell hog (Abyss:3)
  A spriggan druid (Swamp:3)
  2 yaktaurs
  A spriggan (Swamp:2)
  A centaur (Vaults:3)
  An orc (D:11)
  A kobold (D:11)
  13 fungi
  20 plants
  2 starspawn tentacles (Abyss:3)
  2 withered plants (D:5)
45 creatures vanquished.

Grand Total: 1708 creatures vanquished

Notes
Turn   | Place    | Note
-------+----------+-------------------------------------------
     0 | D:1      | Mesmaeker13 the Troll Monk began the quest for the Orb.
     0 | D:1      | Reached XP level 1. HP: 22/22 MP: 0/0
   123 | D:1      | Reached XP level 2. HP: 29/29 MP: 1/1
   509 | D:1      | Reached XP level 3. HP: 36/36 MP: 2/2
  1520 | D:2      | Noticed Robin
  1527 | D:2      | Reached XP level 4. HP: 45/45 MP: 3/3
  1556 | D:2      | Killed Robin
  2000 | D:2      | Reached skill level 4 in Unarmed Combat
  2164 | D:3      | Found a sparkling altar of Nemelex Xobeh.
  2222 | D:3      | Reached XP level 5. HP: 53/53 MP: 4/4
  2244 | D:3      | Found a burning altar of Makhleb.
  2247 | D:3      | Found a shimmering altar of Xom.
  2257 | D:3      | Found a snail-covered altar of Cheibriados.
  2318 | D:3      | Found a hazy altar of Hepliaklqana.
  2319 | D:3      | Found a blossoming altar of Fedhas.
  2363 | D:3      | Noticed an ogre
  2654 | D:2      | Killed an ogre
  2654 | D:2      | Reached XP level 6. HP: 32/62 MP: 5/5
  3397 | D:4      | Noticed Natasha
  3406 | D:4      | Killed Natasha
  3410 | D:4      | Noticed Menkaure
  3423 | D:4      | Killed Menkaure
  3423 | D:4      | Reached skill level 5 in Unarmed Combat
  3595 | D:4      | Reached XP level 7. HP: 70/70 MP: 6/6
  3634 | D:4      | Noticed Natasha
  3638 | D:4      | Killed Natasha
  3740 | D:4      | Noticed Natasha
  3751 | D:4      | Killed Natasha
  4260 | D:3      | Found an ancient bone altar of Kikubaaqudgha.
  4260 | D:3      | Found a shadowy altar of Dithmenos.
  4263 | D:3      | Found an iron altar of Okawaru.
  4308 | D:5      | Entered Level 5 of the Dungeon
  4324 | D:5      | Reached skill level 5 in Dodging
  4381 | D:5      | Found Fodderom's Weapon Boutique.
  4386 | D:5      | Found a runed translucent door.
  4390 | D:5      | Noticed gargbit's ghost (novice GrHu)
  4420 | D:5      | Reached skill level 5 in Fighting
  4420 | D:5      | Reached skill level 6 in Unarmed Combat
  4648 | D:5      | Reached XP level 8. HP: 72/78 MP: 5/7
  4653 | D:5      | Reached skill level 1 in Evocations
  5000 | D:6      | Got a transparent tin ring
  5002 | D:6      | Identified the ring "Hahadwisch" {Fire rElec Str+4 Dex-2}
                  | (You found it on level 6 of the Dungeon)
  5201 | D:6      | Reached skill level 7 in Unarmed Combat
  5225 | D:6      | Reached XP level 9. HP: 87/87 MP: 9/9
  5805 | D:7      | Found Samoamykh's Serpentskin Sales.
  5813 | D:7      | Bought 5 curare-tipped darts for 33 gold pieces
  5813 | D:7      | Bought 2 curare-tipped darts for 13 gold pieces
  6114 | D:8      | Noticed a two-headed ogre
  6126 | D:8      | Killed a two-headed ogre
  6126 | D:8      | Reached skill level 8 in Unarmed Combat
  6126 | D:8      | Reached XP level 10. HP: 96/96 MP: 10/12
  6133 | D:8      | Noticed a two-headed ogre
  6137 | D:8      | Noticed Erica
  6158 | D:8      | Killed a two-headed ogre
  6173 | D:8      | Noticed a two-headed ogre
  6184 | D:8      | Killed Erica
  6640 | D:8      | Killed a two-headed ogre
  6640 | D:8      | Reached skill level 9 in Unarmed Combat
  6752 | D:8      | Reached skill level 5 in Evocations
  7212 | D:9      | Found a staircase to the Orcish Mines.
  7685 | D:9      | Found an ornate altar of the Wu Jian Council.
  7901 | D:9      | Noticed a two-headed ogre
  7904 | D:9      | Reached XP level 11. HP: 109/111 MP: 14/14
  7914 | D:9      | Killed a two-headed ogre
  8169 | D:9      | Became a worshipper of the Wu Jian Council
  8169 | D:9      | Reached * piety under Wu Jian
  8169 | D:9      | Reached ** piety under Wu Jian
  8212 | D:10     | Entered Level 10 of the Dungeon
  8241 | D:10     | Noticed Snorg
  8255 | D:10     | Killed Snorg
  8300 | D:10     | Noticed Grum
  8324 | D:10     | Killed Grum
  8453 | D:10     | Found a white marble altar of Elyvilon.
  8512 | D:10     | Noticed a two-headed ogre
  8513 | D:10     | Noticed Harold
  8553 | D:10     | Killed a two-headed ogre
  8555 | D:10     | Killed Harold
  8555 | D:10     | Reached skill level 10 in Unarmed Combat
  8753 | D:10     | Got an iridescent glaive
  9160 | D:10     | Killed an unseen horror
  9334 | D:10     | Noticed a two-headed ogre
  9344 | D:10     | Killed a two-headed ogre
  9527 | D:11     | Noticed a five-headed hydra
  9527 | D:11     | Noticed a skeletal warrior
  9683 | D:11     | Found a frozen archway.
  9697 | D:11     | Found a staircase to the Lair.
  9723 | D:11     | Noticed a purple ugly thing
  9807 | D:11     | Killed an unseen horror
  9916 | D:11     | Noticed a skeletal warrior
  9937 | D:11     | Killed a skeletal warrior
  9937 | D:11     | Reached *** piety under Wu Jian
  9942 | D:11     | Noticed a skeletal warrior
  9943 | D:11     | Noticed a skeletal warrior
  9971 | D:12     | Noticed Gastronok
 10003 | D:12     | Killed Gastronok
 10003 | D:12     | Reached XP level 12. HP: 123/123 MP: 13/16
 10063 | D:12     | Found the +0 pair of fencer's gloves {Riposte Dex+3}
 10116 | D:12     | Noticed a two-headed ogre
 10125 | D:12     | Killed a two-headed ogre
 10474 | D:12     | Reached skill level 11 in Unarmed Combat
 10930 | D:11     | Reached **** piety under Wu Jian
 11161 | D:11     | Found Nema's Antique Armour Emporium.
 11366 | D:11     | Noticed Nergalle
 11374 | D:11     | Killed Nergalle
 11571 | Orc:1    | Entered Level 1 of the Orcish Mines
 11587 | Orc:1    | Reached skill level 10 in Fighting
 11587 | Orc:1    | Reached skill level 10 in Dodging
 11674 | Orc:1    | Found a flagged portal.
 11688 | Bailey   | Entered a bailey
 12067 | Bailey   | Reached ***** piety under Wu Jian
 12378 | Lair:1   | Entered Level 1 of the Lair of Beasts
 12411 | Lair:1   | Reached XP level 13. HP: 120/133 MP: 15/17
 12791 | Lair:1   | Noticed Fannar
 12798 | Lair:1   | Killed Fannar
 12982 | Lair:1   | Identified the +6 glaive of Income {flame, -Tele rF- rN++
                  | Int+10} (You found it on level 10 of the Dungeon)
 13655 | Lair:2   | Reached skill level 12 in Unarmed Combat
 13691 | Lair:2   | Found a staircase to the Snake Pit.
 13751 | Lair:2   | Reached skill level 1 in Armour
 13784 | Lair:2   | Found a staircase to the Swamp.
 15262 | Lair:3   | Reached ****** piety under Wu Jian
 16698 | Lair:5   | Reached XP level 14. HP: 129/143 MP: 16/19
 17318 | Lair:5   | Reached skill level 13 in Unarmed Combat
 17586 | Lair:5   | Found the +8 whip "Snakebite" {curare, rPois}
 17850 | Lair:6   | Entered Level 6 of the Lair of Beasts
 18428 | Lair:6   | Reached skill level 5 in Armour
 18823 | Lair:6   | Found a staircase to the Slime Pits.
 18824 | Lair:6   | Found a viscous altar of Jiyva.
 19587 | Lair:6   | Reached skill level 10 in Evocations
 19697 | Lair:6   | Reached XP level 15. HP: 132/155 MP: 17/21
 20369 | Orc:1    | Noticed Sonja
 20390 | Orc:1    | Killed Sonja
 20749 | Orc:1    | Found a roughly hewn altar of Beogh.
 20826 | Orc:1    | Found a runed translucent gate.
 20826 | Orc:1    | Found a runed translucent gate.
 20827 | Orc:1    | Found a runed translucent gate.
 20836 | Orc:1    | Noticed Jorgrun
 20838 | Orc:1    | Noticed Iamsoldier's ghost (journeyman GrFi)
 20873 | Orc:1    | Killed Jorgrun
 21156 | Orc:1    | Found a roughly hewn altar of Beogh.
 21175 | Orc:1    | Reached skill level 14 in Unarmed Combat
 21474 | Orc:2    | Entered Level 2 of the Orcish Mines
 21486 | Orc:2    | Paralysed by an orc sorcerer for 2 turns
 21707 | Orc:2    | Found a roughly hewn altar of Beogh.
 21743 | Orc:2    | Found Qoil's Antique Weapon Boutique.
 21865 | Orc:2    | Found a staircase to the Elven Halls.
 21945 | Orc:2    | Found a roughly hewn altar of Beogh.
 21963 | Orc:2    | Found Jekhlisoi's Magic Scroll Shoppe.
 21970 | Orc:2    | Bought a scroll of teleportation for 30 gold pieces
 21970 | Orc:2    | Bought a scroll of identify for 20 gold pieces
 21970 | Orc:2    | Bought a scroll of identify for 20 gold pieces
 22453 | Orc:2    | Found a roughly hewn altar of Beogh.
 22677 | Orc:2    | Found a roughly hewn altar of Beogh.
 22756 | Orc:2    | Noticed an orc warlord
 22780 | Orc:2    | Killed an orc warlord
 22832 | Orc:2    | Found Famosaow's Antique Armour Emporium.
 22833 | Orc:2    | Found a roughly hewn altar of Beogh.
 22836 | Orc:2    | Found Qyjoofoq's Antique Weapon Shoppe.
 22841 | Orc:2    | Bought a runed giant spiked club for 137 gold pieces
 23089 | D:13     | Found a runed translucent door.
 23353 | D:13     | Paralysed by a hornet for 3 turns
 23458 | D:13     | Noticed Frances
 23464 | D:13     | Killed Frances
 24085 | D:13     | You fall into a shaft and drop 1 floor!
 24134 | D:14     | Found a gate to the Vaults.
 24405 | D:13     | Found a runed translucent door.
 24791 | D:13     | Paralysed by an orc sorcerer for 4 turns
 24857 | D:13     | Found a roughly hewn altar of Beogh.
 25355 | D:14     | Found a stormy altar of Qazlal.
 25480 | D:14     | Reached XP level 16. HP: 154/166 MP: 23/23
 25588 | D:14     | Found an iron altar of Okawaru.
 26257 | D:15     | Entered Level 15 of the Dungeon
 26684 | D:15     | Found a shadowy altar of Dithmenos.
 26984 | D:15     | Found a staircase to the Depths.
 27236 | Snake:1  | Entered Level 1 of the Snake Pit
 27455 | Lair:2   | Reached skill level 1 in Maces & Flails
 29140 | Snake:1  | Reached skill level 5 in Maces & Flails
 29592 | Swamp:1  | Entered Level 1 of the Swamp
 29614 | Swamp:1  | Reached skill level 15 in Unarmed Combat
 30422 | Snake:2  | Got a smoking copper ring
 31436 | Snake:3  | Reached XP level 17. HP: 152/178 MP: 21/24
 32582 | Snake:4  | Entered Level 4 of the Snake Pit
 33085 | Snake:4  | Found a stormy altar of Qazlal.
 33111 | Snake:4  | Identified the ring of Ashenzari's Esteem {rPois Str+4}
                  | (You found it on level 2 of the Snake Pit)
 33156 | Snake:4  | Reached skill level 10 in Armour
 33573 | Snake:4  | Reached skill level 16 in Unarmed Combat
 34736 | Snake:4  | Got a serpentine rune of Zot
 35085 | Orc:2    | Bought a scroll of identify for 20 gold pieces
 35085 | Orc:2    | Bought a scroll of identify for 20 gold pieces
 36093 | Swamp:2  | Reached XP level 18. HP: 184/191 MP: 23/25
 37511 | Swamp:3  | Reached skill level 17 in Unarmed Combat
 37736 | Swamp:3  | Paralysed by a hornet for 1 turns
 38107 | Swamp:4  | Entered Level 4 of the Swamp
 38958 | Swamp:4  | Reached skill level 15 in Fighting
 40044 | Swamp:4  | Got a decaying rune of Zot
 40280 | Vaults:1 | Entered Level 1 of the Vaults
 40652 | Vaults:1 | Got a bloodstained broad axe
 40815 | Vaults:1 | Reached XP level 19. HP: 65/201 MP: 9/26
 41100 | Vaults:1 | Reached skill level 1 in Throwing
 41119 | Vaults:1 | HP: 6/201 [yaktaur[a vault warden] (7)]
 41119 | Vaults:1 | HP: 2/201 [vault warden/+0 long sword (4)]
 41506 | Vaults:1 | Reached skill level 1 in Shields
 41511 | Vaults:1 | Reached skill level 18 in Unarmed Combat
 42282 | Vaults:1 | Got a wizard robe
 42331 | Vaults:1 | Identified the cursed +1 robe of Estrexea {rCorr Str+4}
                  | (You found it on level 1 of the Vaults)
 42551 | Vaults:1 | Found a radiant altar of Vehumet.
 42551 | Vaults:1 | Noticed a lich
 42556 | Vaults:1 | Killed a lich
 42561 | Vaults:1 | Got a shadowed robe
 42615 | Vaults:1 | Identified the +2 robe of Nusteqel {rElec rN+ SInv} (You
                  | found it on level 1 of the Vaults)
 42996 | Vaults:2 | Got a twitching silver ring
 43167 | Vaults:2 | Noticed Donald
 43174 | Vaults:2 | Killed Donald
 43308 | Vaults:2 | Got a steaming copper amulet
 43555 | Vaults:2 | Found a staircase to the Crypt.
 43630 | Vaults:2 | Found Xoimiy's Distillery.
 43772 | Vaults:2 | Bought a potion of heal wounds for 80 gold pieces
 43772 | Vaults:2 | Bought a potion of heal wounds for 80 gold pieces
 43800 | Vaults:2 | Reached skill level 5 in Shields
 44140 | Vaults:2 | Reached XP level 20. HP: 214/214 MP: 27/27
 44439 | Vaults:3 | Identified the +6 broad axe "Qiklah" {chop, Str+7 Dex-3}
                  | (You found it on level 1 of the Vaults)
 44446 | Vaults:3 | Identified the ring of Qaghogreust {rPois Dex+3} (You found
                  | it on level 2 of the Vaults)
 44750 | Vaults:3 | Noticed Bai Suzhen
 44767 | Vaults:3 | Killed Bai Suzhen
 44767 | Vaults:3 | Reached skill level 19 in Unarmed Combat
 44995 | Vaults:3 | Cast into level 3 of the Abyss (a wizard)
 45028 | Abyss:3  | Identified the amulet of Lucidity {Inacc *Corrode rPois rF+
                  | rN+} (You found it on level 2 of the Vaults)
 45059 | Abyss:3  | Noticed a bone dragon
 45342 | Vaults:3 | Escaped the Abyss
 46020 | Vaults:3 | Found a portal to a secret trove of treasure.
 46339 | Vaults:3 | Noticed a golden dragon
 46347 | Vaults:3 | Killed a golden dragon
 48200 | Vaults:4 | Reached XP level 21. HP: 191/226 MP: 22/28
 48268 | Vaults:4 | Found Weavin's Weapon Boutique.
 48976 | Vaults:4 | Found Eklietz's Food Shop.
 49429 | Depths:1 | Entered Level 1 of the Depths
 49666 | D:15     | Reached skill level 20 in Unarmed Combat
 49727 | Depths:1 | Noticed Nikola
 50165 | D:15     | Killed Nikola
 50750 | Depths:1 | Noticed Mara
 50757 | Depths:1 | Noticed Mesmaeker13's illusion
 50766 | Depths:1 | Killed Mara
 50919 | Depths:1 | Found a shimmering altar of Xom.
 51036 | Depths:1 | Found a gateway to Hell.
 51255 | Depths:1 | Noticed the Enchantress
 51430 | Depths:1 | Killed the Enchantress
 51430 | Depths:1 | Reached skill level 10 in Shields
 51444 | Depths:1 | HP: 17/340 [spriggan defender/+2 demon whip of draining[the
                  | Enchantress] (2)]
 51445 | Depths:1 | HP: 4/340 [spriggan air mage/the air[the Enchantress] (6)]
 51445 | Depths:1 | Killed from afar by a spriggan air mage

Levels and vault maps discovered:
D:1:      dpeg_arrival_water_altar, layout_loops_ring,
          minmay_misc_feat_ornament, minmay_vboxes
D:2:      minmay_recursive_quarters, layout_rooms, uniq_robin
D:3:      layout_rooms, grunt_temple_overflow_open,
          nicolae_overflow_hidden_temple, first_ration,
          nemelex_xobeh_ov_fountains_minmay
D:4:      layout_basic, corner_web_ring, st_stairs_9, kennysheep_generic_room_6,
          uniq_natasha, uniq_menkaure
D:5:      cheibrodos_quashed, layout_rooms, serial_shops, shop,
          gammafunk_ghost_grave
D:6:      layout_basic
D:7:      layout_rooms, minmay_temple_entry_from_below_a, guppyfry_shop_venom
D:8:      layout_rooms, special_room [special_room_kobold], uniq_erica
D:9:      layout_loops_ring, marbit_many_paths, minmay_orc_entry_guard_dogs
D:10:     layout_irregular_city, basic_altar, uniq_harold, uniq_snorg, uniq_grum
D:11:     layout_roguey, david_lair_generic, portal_ice_cave_entry_pillars_2,
          serial_shops, nicolae_shop_statue_plus, hangedman_stone_soup,
          uniq_nergalle
D:12:     layout_gridville, uniq_gastronok
D:13:     mludivico_vault, layout_layer_cave, lightli_church_of_beogh,
          uniq_frances
D:14:     lemuel_flame_loot_2, layout_irregular_city, david_vaults_4,
          lemuel_altar_in_water, nicolae_qazlal_style_of_elements
D:15:     grunt_enter_depths_snipers, layout_basic,
          grunt_dithmenos_smoke_and_mirrors
Lair:1:   layout_roguey, serial_bayou_pond_e, guppyfry_lair_drakes, uniq_fannar
Lair:2:   layout_misc_corridors, swamp_mist, dummy_snake_entry,
          chequers_serial_rivers_micro_e, st_stairs_9, roderic_carrion_pond
Lair:3:   regret_index_tunnel_blossom, layout_loops_ring, st_stairs_3,
          serial_bayou_shore_b
Lair:4:   layout_cave_shapes, beast_lair_carwin_6
Lair:5:   minmay_guarded_unrand_snakebite, layout_hall_layers,
          gauntlet_entry_generic, serial_bayou_lagoon_b
Lair:6:   evilmike_catoblepas_cave, layout_gridlike, slime_altar_1, minivault_19
Swamp:1:  layout_basic_swamp, hangedman_swamp_cone, swamp_pool1,
          nicolae_swamp_round_clearing
Swamp:2:  layout_basic_swamp, hangedman_swamp_lotus
Swamp:3:  layout_falls_marsh, evilmike_swamp_ruin_house_1
Swamp:4:  swamp, layout_basic_swamp
Snake:1:  layout_onion
Snake:2:  layout_rooms, hangedman_snake_pattern, st_stairs_11, lemuel_fruit_tree
Snake:3:  layout_chambers, grunt_megastairs_4
Snake:4:  johnstein_snake_rune_scales, layout_cave_town, basic_altar
Orc:1:    nicolae_orc_accident_2, layout_caves, gammafunk_ghost_split,
          enter_bailey_3, mines2_david, uniq_sonja, uniq_jorgrun
Orc:2:    grunt_orc_community_town_hall, layout_caves,
          grunt_orc_community_big_house_1, grunt_orc_community_big_house_2,
          grunt_orc_community_house_3, grunt_orc_community_house_3,
          grunt_orc_community_house_3, grunt_orc_community_house_1
Vaults:1: hangedman_vaults_stretched_pinwheel, grunt_tower_of_power,
          vaults_dpeg_cross, vaults_dpeg_encased_lava, v_misc_23,
          nicolae_vaults_puzzle_piece, hangedman_vaults_stretched_pinwheel,
          v_rooms_6, nicolae_vaults_mini_display_case,
          nicolae_vaults_border_crossing, v_misc_16, vaults_dpeg_ring,
          layout_vaults_ring
Vaults:2: minmay_crypt_entry_simple_round, nicolae_vaults_network_quinsquares
          [nicolae_vaults_network_quincunx_subvault,
          nicolae_vaults_network_quincunx_subvault,
          nicolae_vaults_network_quincunx_subvault,
          nicolae_vaults_network_quincunx_subvault],
          nicolae_vaults_shelves_hall, ontoclasm_vaults_chip, st_more_cells,
          v_alt_pattern_6, layout_vaults_big_room, serial_shops,
          nicolae_shop_stone, uniq_donald
Vaults:3: ontoclasm_vaults_ring_large, dpeg_vaults_monster_box,
          nicolae_vaults_hallways_thing, ontoclasm_vaults_gallery, v_misc_27,
          v_misc_14, ontoclasm_vaults_shuriken, layout_vaults_omnigrid,
          enter_trove_5, uniq_bai_suzhen
Vaults:4: grunt_vaults_focal, nicolae_vaults_big_angled_halls,
          hangedman_vaults_snaps, hangedman_vaults_trim,
          hangedman_vaults_slither, nicolae_vaults_little_squares_3,
          vaults_dpeg_hooks, nicolae_vaults_what_the_h,
          nicolae_vaults_angled_halls, hangedman_vaults_unwind,
          vaults_room_stairs_pillars, nicolae_vaults_little_squares_2,
          serial_ice_g, layout_vaults_omnicross, serial_shops,
          nicolae_shop_trees, nicolae_shop_trees
Depths:1: layout_long_grid, hell_entry, grunt_ministairs_1, xom_teletrap_fun,
          uniq_enchantress, uniq_mara, uniq_nikola

Skill      XL: |  1  2  3  4  5  6  7  8  9 10 11 12 13 14 15 16 17 18 19 20 21 |
---------------+----------------------------------------------------------------+-----
Dodging        | 3 4 5 6 7 9 10 | 10.2
Fighting       | 3 4 5 6 7 9 10 11 12 13 14 15 16 17 | 17.6
Unarmed Combat | 4 5 6 7 8 9 10 11 12 13 14 15 16 17 18 19 20 | 20.3
Evocations     | 2 4 5 6 7 9 10 11 | 11.1
Armour         | 3 6 8 9 11 12 | 12.4
Maces & Flails | 5 |  5.5
Throwing       | 1 2 |  2.3
Shields        | 5 8 10 | 10.0
Stealth        | |  1.0

Action                   |  1- 3 |  4- 6 |  7- 9 | 10-12 | 13-15 | 16-18 | 19-21 || total
-------------------------+-------+-------+-------+-------+-------+-------+-------++-------
Melee: Unarmed           |   116 |   170 |   275 |   658 |  1569 |  1334 |  1482 ||  5604
       Punch             |     1 |     3 |    10 |    24 |   119 |   168 |    45 ||   370
       Scimitar          |       |       |       |       |    33 |    33 |       ||    66
       Whip              |       |       |       |       |     4 |   309 |       ||   313
       Giant spiked club |       |       |       |       |       |    89 |       ||    89
Throw: Boomerang         |     7 |       |       |     8 |     1 |       |       ||    16
       Dart              |     2 |     1 |    16 |     9 |     3 |       |       ||    31
       Large rock        |       |       |       |       |     9 |    14 |    18 ||    41
       Throwing net      |       |       |       |       |     7 |     3 |     1 ||    11
Invok: Whirlwind         |       |       |       |    24 |   136 |   139 |   105 ||   404
       Lunge             |       |       |       |    34 |    86 |   111 |    66 ||   297
       Serpent's Lash    |       |       |       |       |     7 |     9 |     6 ||    22
       Heavenly Storm    |       |       |       |       |     1 |       |       ||     1
 Abil: Evoke Berserk Rag |       |       |       |     8 |     1 |       |     5 ||    14
       Wall Jump         |       |       |       |     1 |       |       |       ||     1
Evoke: Wand              |       |       |     1 |    20 |    33 |    38 |    30 ||   122
       Phial of floods   |       |       |       |     1 |     4 |     2 |     2 ||     9
       Lightning rod     |       |       |       |       |       |       |     1 ||     1
  Use: Scroll            |       |     6 |     4 |     3 |    14 |    19 |    21 ||    67
       Potion            |       |     2 |       |     4 |     3 |    10 |    12 ||    31
 Stab: Sleeping          |     3 |     2 |     1 |     7 |     2 |     2 |       ||    17
       Paralysed         |       |       |       |     5 |     2 |     4 |       ||    11
       Invisible         |       |       |       |       |       |     7 |       ||     7
       Fleeing           |       |       |       |       |       |     1 |       ||     1
       Distracted        |       |       |       |       |       |     1 |     2 ||     3
  Eat: Chunk             |    19 |    19 |    24 |    65 |   121 |   100 |    94 ||   442
       Ration            |       |       |       |       |       |    14 |     2 ||    16
Armor: Robe              |    60 |    68 |    60 |    32 |       |       |       ||   220
       Troll leather arm |       |       |       |   146 |   388 |   493 |   194 ||  1221
       Swamp dragon scal |       |       |       |       |       |    73 |       ||    73
       Gold dragon scale |       |       |       |       |       |       |   147 ||   147
Dodge: Dodged            |    75 |    95 |   149 |   481 |  1153 |  1374 |   533 ||  3860
Block: Other             |       |       |       |       |       |   170 |    19 ||   189
       Reflection        |       |       |       |       |       |    10 |    41 ||    51
       Shield            |       |       |       |       |       |       |   506 ||   506
       Rpst.: Scimitar   |       |       |       |       |     8 |     7 |       ||    15
